| Goals | Penalties |
1. Canadiens , Leon Draisaitl 39 (Nate Schmidt 33, Patrick Kane 36) at 5:14
|
Travis Hamonic (LOS) for Hooking (Minor) at 5:32 Adam Pelech (MTL) for Tripping (Minor) at 13:12 Jordan Staal (LOS) for High sticking (Minor) at 18:07
|
2. Kings , Johnny Gaudreau 26 (Josh Manson 20) at 2:25
|
Elias Lindholm (MTL) for Hooking (Minor) at 10:22 Max Pacioretty (MTL) for Roughing (Minor) at 17:51
|
3. Canadiens , Leon Draisaitl 40 (Rasmus Ristolainen 22) at 2:25 (PP)
4. Canadiens , Max Pacioretty 15 (Ivan Provorov 37, Rasmus Ristolainen 23) at 8:02 (PP)
5. Canadiens , Teuvo Teravainen 23 (Elias Lindholm 44, Nate Schmidt 34) at 16:48
|
Jordan Staal (LOS) for Interference (Minor) at 1:09 Bryan Rust (LOS) for Hooking (Minor) at 7:36 Rasmus Ristolainen (MTL) for High sticking (Minor) at 17:21
|
|
Tuukka Rask (MTL), 28 saves from 29 shots - (0.966), W, 27-13-9, 60:00 minutes
Alex Nedeljkovic (LOS), 30 saves from 34 shots - (0.882), L, 8-8-4, 60:00 minutes
|
|
1 - Leon Draisaitl (MTL)
2 - Tuukka Rask (MTL)
3 - Nate Schmidt (MTL)
|
Referees : Tim Peel and Kendrick Nicholson
Linesman : David Brisebois and Scott Cherrey
|
|
Josh Manson is injured at 6:53 of 3rd period (Strained Left Elbow)
|
|
Level 1 -- Attendance: 6500 (100.00%) -- Ticket Income $617,500
Level 2 -- Attendance: 4904 (98.08%) -- Ticket Income $367,800
Level 3 -- Attendance: 3294 (94.11%) -- Ticket Income $181,170
Level 4 -- Attendance: 2118 (100.00%) -- Ticket Income $84,720
Luxury Box -- Attendance: 874 (87.40%) -- Ticket Income $196,650
Game was played at the Staples Center.
Total Attendance: 17690 (97.64%)
Total Ticket Income: $1,447,840
Other Income: $709,442
Total Income: $2,157,282
|
| Team Name |
Goals |
Shots |
Shots Attemp |
Shots Blocked |
PIM |
HIT |
PP |
PK |
FO% |
| Canadiens |
4 | 34 | 72 | 9 | 8 | 24 | 2 / 4 (50%) | 0 | 54% |
| Kings |
1 | 29 | 58 | 11 | 8 | 20 | 0 / 4 (0%) | 2 | 46% |
Canadiens
| Player Name |
POS |
G |
A |
P |
+/- |
PIM |
HIT |
SHT |
SB |
MP |
PP MP |
PP SHT |
PK MP |
PK SHT |
FO% |
FOT |
| Adam Pelech | D | 0 | 0 | 0 | 2 | 2 | 5 | 0 | 1 | 20:06 | 0:00 | 0 | 2:54 | 0 | 0% |
0 |
| Anthony Mantha | LW/RW | 0 | 0 | 0 | 1 | 0 | 2 | 1 | 0 | 19:42 | 3:01 | 0 | 0:11 | 0 | 67% |
3 |
| Artturi Lehkonen | LW/RW | 0 | 0 | 0 | 0 | 0 | 0 | 1 | 0 | 5:25 | 0:00 | 0 | 2:05 | 0 | 0% |
0 |
| Brandon Sutter | C/RW | 0 | 0 | 0 | -1 | 0 | 0 | 1 | 0 | 14:30 | 0:00 | 0 | 5:27 | 0 | 61% |
23 |
| Colin White | C/RW | 0 | 0 | 0 | 0 | 0 | 0 | 0 | 0 | 3:52 | 0:00 | 0 | 0:32 | 0 | 0% |
1 |
| Elias Lindholm | C/RW | 0 | 1 | 1 | 1 | 2 | 2 | 4 | 0 | 21:27 | 3:01 | 1 | 1:57 | 0 | 53% |
30 |
| Ivan Provorov | D | 0 | 1 | 1 | 0 | 0 | 1 | 2 | 0 | 25:04 | 3:00 | 1 | 4:56 | 0 | 0% |
0 |
| Jakob Silfverberg | LW/RW | 0 | 0 | 0 | -1 | 0 | 0 | 2 | 0 | 14:43 | 0:00 | 0 | 5:40 | 1 | 67% |
3 |
| Joakim Nordstrom | C/LW/RW | 0 | 0 | 0 | 0 | 0 | 0 | 0 | 0 | 3:20 | 0:00 | 0 | 0:00 | 0 | 0% |
3 |
| Kevin Connauton | D | 0 | 0 | 0 | -1 | 0 | 2 | 0 | 2 | 12:57 | 0:00 | 0 | 0:54 | 0 | 0% |
0 |
| Leon Draisaitl | C/LW/RW | 2 | 0 | 2 | 1 | 0 | 2 | 7 | 0 | 20:10 | 2:39 | 1 | 0:00 | 0 | 58% |
26 |
| Max Pacioretty | LW | 1 | 0 | 1 | 1 | 2 | 2 | 3 | 0 | 20:09 | 2:39 | 1 | 0:00 | 0 | 33% |
3 |
| Mike Reilly | D | 0 | 0 | 0 | -1 | 0 | 1 | 0 | 3 | 14:43 | 2:40 | 0 | 0:00 | 0 | 0% |
0 |
| Nate Schmidt | D | 0 | 2 | 2 | 2 | 0 | 0 | 1 | 0 | 23:43 | 2:40 | 0 | 3:50 | 0 | 0% |
0 |
| Patrick Kane | RW | 0 | 1 | 1 | 1 | 0 | 0 | 5 | 0 | 20:10 | 2:39 | 1 | 0:00 | 0 | 33% |
3 |
| Rasmus Ristolainen | D | 0 | 2 | 2 | 0 | 2 | 5 | 3 | 3 | 23:25 | 3:00 | 2 | 3:18 | 0 | 0% |
0 |
| Teuvo Teravainen | LW/RW | 1 | 0 | 1 | 1 | 0 | 0 | 4 | 0 | 19:31 | 3:01 | 2 | 0:00 | 0 | 0% |
0 |
| Valeri Nichushkin | LW/RW | 0 | 0 | 0 | -1 | 0 | 2 | 0 | 0 | 9:03 | 0:00 | 0 | 0:00 | 0 | 0% |
0 |
Kings
| Player Name |
POS |
G |
A |
P |
+/- |
PIM |
HIT |
SHT |
SB |
MP |
PP MP |
PP SHT |
PK MP |
PK SHT |
FO% |
FOT |
| Anthony Bitetto | D | 0 | 0 | 0 | 0 | 0 | 0 | 0 | 0 | 0:00 | 0:00 | 0 | 0:00 | 0 | 0% |
0 |
| Brandon Carlo | D | 0 | 0 | 0 | -1 | 0 | 3 | 1 | 3 | 27:24 | 4:21 | 1 | 2:58 | 0 | 0% |
0 |
| Bryan Rust | LW/RW | 0 | 0 | 0 | 1 | 2 | 1 | 8 | 0 | 20:51 | 4:06 | 2 | 0:00 | 0 | 0% |
1 |
| Cam Fowler | D | 0 | 0 | 0 | 0 | 0 | 1 | 0 | 2 | 23:28 | 3:35 | 0 | 2:42 | 0 | 0% |
0 |
| Carter Rowney | C/RW | 0 | 0 | 0 | 0 | 0 | 0 | 0 | 0 | 16:13 | 0:00 | 0 | 3:54 | 0 | 33% |
27 |
| Jaccob Slavin | D | 0 | 0 | 0 | -1 | 0 | 0 | 0 | 2 | 26:48 | 4:21 | 0 | 2:58 | 0 | 0% |
0 |
| James Neal | LW/RW | 0 | 0 | 0 | 0 | 0 | 0 | 0 | 0 | 2:20 | 0:00 | 0 | 0:00 | 0 | 0% |
0 |
| Joel Eriksson Ek | C/LW/RW | 0 | 0 | 0 | -2 | 0 | 3 | 3 | 1 | 20:35 | 3:50 | 0 | 1:46 | 0 | 0% |
0 |
| Johnny Gaudreau | LW/RW | 1 | 0 | 1 | 1 | 0 | 1 | 3 | 0 | 23:12 | 4:06 | 1 | 0:00 | 0 | 100% |
1 |
| Jordan Staal | C | 0 | 0 | 0 | -2 | 4 | 1 | 5 | 0 | 19:22 | 3:50 | 1 | 0:35 | 0 | 38% |
29 |
| Josh Manson | D | 0 | 1 | 1 | 0 | 0 | 4 | 0 | 1 | 14:28 | 0:00 | 0 | 2:36 | 0 | 0% |
0 |
| Lucas Wallmark | C | 0 | 0 | 0 | -2 | 0 | 0 | 1 | 0 | 15:08 | 0:00 | 0 | 0:09 | 0 | 50% |
2 |
| Marc-Edouard Vlasic | D | 0 | 0 | 0 | 0 | 0 | 0 | 0 | 1 | 12:58 | 0:00 | 0 | 0:00 | 0 | 0% |
0 |
| Philippe Myers | D | 0 | 0 | 0 | 0 | 0 | 0 | 0 | 0 | 0:00 | 0:00 | 0 | 0:00 | 0 | 0% |
0 |
| Ryan Nugent-Hopkins | C/LW | 0 | 0 | 0 | 1 | 0 | 1 | 5 | 0 | 24:14 | 4:06 | 2 | 1:02 | 0 | 67% |
33 |
| Samuel Blais | LW/RW | 0 | 0 | 0 | 0 | 0 | 1 | 0 | 0 | 12:19 | 0:00 | 0 | 0:00 | 0 | 0% |
2 |
| Travis Hamonic | D | 0 | 0 | 0 | 0 | 2 | 1 | 1 | 0 | 14:53 | 3:35 | 0 | 0:06 | 0 | 0% |
0 |
| Tyler Motte | C/LW/RW | 0 | 0 | 0 | 0 | 0 | 3 | 2 | 1 | 20:03 | 3:50 | 0 | 3:54 | 0 | 0% |
0 |
Play-by-Play
1st period
0:01 of 1st period - Leon Draisaitl wins face-off versus Ryan Nugent-Hopkins in neutral zone.
0:45 of 1st period - Shot by Patrick Kane.
0:45 of 1st period - Stopped by Alex Nedeljkovic without a rebound.
0:46 of 1st period - Elias Lindholm wins face-off versus Jordan Staal in Kings zone.
2:31 of 1st period - Tyler Motte is hit by Valeri Nichushkin and loses puck.
2:55 of 1st period - Shot by Joakim Nordstrom.
2:55 of 1st period - Shot Misses the Net.
2:57 of 1st period - Shot by Rasmus Ristolainen.
2:57 of 1st period - Stopped by Alex Nedeljkovic without a rebound.
2:58 of 1st period - Ryan Nugent-Hopkins wins face-off versus Leon Draisaitl in Kings zone.
3:17 of 1st period - Shot by Max Pacioretty.
3:17 of 1st period - Stopped by Alex Nedeljkovic without a rebound.
3:18 of 1st period - Ryan Nugent-Hopkins wins face-off versus Elias Lindholm in Kings zone.
3:22 of 1st period - Icing by Ryan Nugent-Hopkins.
3:23 of 1st period - Elias Lindholm wins face-off versus Ryan Nugent-Hopkins in Kings zone.
3:29 of 1st period - Off-side.
3:30 of 1st period - Ryan Nugent-Hopkins wins face-off versus Elias Lindholm in neutral zone.
3:35 of 1st period - Shot by Ryan Nugent-Hopkins.
3:35 of 1st period - Stopped by Tuukka Rask without a rebound.
3:36 of 1st period - Ryan Nugent-Hopkins wins face-off versus Leon Draisaitl in Canadiens zone.
3:37 of 1st period - Shot by Bryan Rust.
3:37 of 1st period - Stopped by Tuukka Rask without a rebound.
3:38 of 1st period - Ryan Nugent-Hopkins wins face-off versus Elias Lindholm in Canadiens zone.
5:06 of 1st period - Shot by Max Pacioretty.
5:06 of 1st period - Shot Misses the Net.
5:08 of 1st period - Shot by Leon Draisaitl.
5:08 of 1st period - Shot Misses the Net.
5:14 of 1st period - Shot by Leon Draisaitl.
5:14 of 1st period - Goal by Leon Draisaitl - Canadiens : 1 - Kings : 0.
5:15 of 1st period - Carter Rowney wins face-off versus Joakim Nordstrom in neutral zone.
5:32 of 1st period - Minor Penalty to Travis Hamonic for Hooking.
5:33 of 1st period - Carter Rowney wins face-off versus Patrick Kane in Kings zone.
5:50 of 1st period - Shot by Ivan Provorov.
5:50 of 1st period - Stopped by Alex Nedeljkovic without a rebound.
5:51 of 1st period - Carter Rowney wins face-off versus Elias Lindholm in Kings zone.
6:26 of 1st period - Icing by Nate Schmidt.
6:27 of 1st period - Elias Lindholm wins face-off versus Jordan Staal in Canadiens zone.
7:55 of 1st period - Shot by Ryan Nugent-Hopkins.
7:55 of 1st period - Stopped by Tuukka Rask without a rebound.
7:56 of 1st period - Jordan Staal wins face-off versus Brandon Sutter in Canadiens zone.
7:56 of 1st period - Jordan Staal is hit by Kevin Connauton.
8:01 of 1st period - Icing by Mike Reilly.
8:02 of 1st period - Jordan Staal wins face-off versus Brandon Sutter in Canadiens zone.
8:23 of 1st period - Cam Fowler is hit by Kevin Connauton and loses puck.
8:34 of 1st period - Shot by Jakob Silfverberg.
8:34 of 1st period - Stopped by Alex Nedeljkovic without a rebound.
8:35 of 1st period - Ryan Nugent-Hopkins wins face-off versus Leon Draisaitl in Kings zone.
8:35 of 1st period - Ryan Nugent-Hopkins is hit by Leon Draisaitl.
8:47 of 1st period - Ryan Nugent-Hopkins is hit by Rasmus Ristolainen and loses puck.
8:55 of 1st period - Johnny Gaudreau is hit by Rasmus Ristolainen and loses puck.
9:08 of 1st period - Shot by Leon Draisaitl.
9:08 of 1st period - Shot Blocked by Brandon Carlo.
9:17 of 1st period - Off-side.
9:18 of 1st period - Elias Lindholm wins face-off versus Carter Rowney in neutral zone.
9:45 of 1st period - Shot by Teuvo Teravainen.
9:45 of 1st period - Shot Blocked by Marc-Edouard Vlasic.
10:05 of 1st period - Adam Pelech is hit by Samuel Blais and loses puck.
10:39 of 1st period - Jakob Silfverberg is hit by Josh Manson.
10:56 of 1st period - Ivan Provorov is hit by Josh Manson and loses puck.
11:24 of 1st period - Johnny Gaudreau is hit by Rasmus Ristolainen.
12:09 of 1st period - Icing by Mike Reilly.
12:10 of 1st period - Max Pacioretty wins face-off versus Carter Rowney in Canadiens zone.
12:17 of 1st period - Shot by Leon Draisaitl.
12:17 of 1st period - Deflect By Max Pacioretty.
12:17 of 1st period - Stopped by Alex Nedeljkovic without a rebound.
12:18 of 1st period - Carter Rowney wins face-off versus Elias Lindholm in Kings zone.
12:18 of 1st period - Marc-Edouard Vlasic is hit by Elias Lindholm and loses puck.
12:29 of 1st period - Shot by Samuel Blais.
12:29 of 1st period - Shot Misses the Net.
12:31 of 1st period - Shot by Tyler Motte.
12:31 of 1st period - Deflect By Samuel Blais.
12:31 of 1st period - Shot Misses the Net.
13:12 of 1st period - Minor Penalty to Adam Pelech for Tripping.
13:13 of 1st period - Brandon Sutter wins face-off versus Ryan Nugent-Hopkins in Canadiens zone.
13:41 of 1st period - Shot by Bryan Rust.
13:41 of 1st period - Stopped by Tuukka Rask without a rebound.
13:42 of 1st period - Jordan Staal wins face-off versus Jakob Silfverberg in Canadiens zone.
13:43 of 1st period - Shot by Tyler Motte.
13:43 of 1st period - Shot Misses the Net.
14:52 of 1st period - Shot by Ryan Nugent-Hopkins.
14:52 of 1st period - Stopped by Tuukka Rask without a rebound.
14:53 of 1st period - Brandon Sutter wins face-off versus Ryan Nugent-Hopkins in Canadiens zone.
15:08 of 1st period - Shot by Ryan Nugent-Hopkins.
15:08 of 1st period - Shot Misses the Net.
15:12 of 1st period - Shot by Bryan Rust.
15:12 of 1st period - Stopped by Tuukka Rask without a rebound.
15:13 of 1st period - Leon Draisaitl wins face-off versus Jordan Staal in Canadiens zone.
15:30 of 1st period - Shot by Jordan Staal.
15:30 of 1st period - Stopped by Tuukka Rask without a rebound.
15:31 of 1st period - Ryan Nugent-Hopkins wins face-off versus Elias Lindholm in Canadiens zone.
16:16 of 1st period - Rasmus Ristolainen is hit by Johnny Gaudreau and loses puck.
17:00 of 1st period - Icing by Nate Schmidt.
17:01 of 1st period - Leon Draisaitl wins face-off versus Carter Rowney in Canadiens zone.
17:03 of 1st period - Icing by Nate Schmidt.
17:04 of 1st period - Leon Draisaitl wins face-off versus Samuel Blais in Canadiens zone.
17:08 of 1st period - Icing by Leon Draisaitl.
17:09 of 1st period - Ryan Nugent-Hopkins wins face-off versus Leon Draisaitl in Canadiens zone.
17:09 of 1st period - Johnny Gaudreau is hit by Adam Pelech and loses puck.
17:14 of 1st period - Shot by Johnny Gaudreau.
17:14 of 1st period - Shot Misses the Net.
17:35 of 1st period - Ryan Nugent-Hopkins is hit by Adam Pelech and loses puck.
17:41 of 1st period - Johnny Gaudreau is hit by Adam Pelech and loses puck.
18:07 of 1st period - Minor Penalty to Jordan Staal for High sticking.
18:08 of 1st period - Anthony Mantha wins face-off versus Carter Rowney in Kings zone.
18:47 of 1st period - Shot by Rasmus Ristolainen.
18:47 of 1st period - Stopped by Alex Nedeljkovic with a rebound.
18:49 of 1st period - Shot by Teuvo Teravainen.
18:49 of 1st period - Stopped by Alex Nedeljkovic with a rebound.
18:51 of 1st period - Shot by Ivan Provorov.
18:51 of 1st period - Shot Misses the Net.
19:17 of 1st period - Shot by Nate Schmidt.
19:17 of 1st period - Shot Misses the Net.
19:54 of 1st period - Shot by Teuvo Teravainen.
19:54 of 1st period - Stopped by Alex Nedeljkovic without a rebound.
19:55 of 1st period - Elias Lindholm wins face-off versus Ryan Nugent-Hopkins in Kings zone.
Goals for this period are 1 for Canadiens vs 0 for Kings.
Shots for this period are 10 for Canadiens vs 7 for Kings.
2nd period
0:01 of 2nd period - Carter Rowney wins face-off versus Elias Lindholm in neutral zone.
0:22 of 2nd period - Shot by Leon Draisaitl.
0:22 of 2nd period - Stopped by Alex Nedeljkovic without a rebound.
0:23 of 2nd period - Anthony Mantha wins face-off versus Jordan Staal in Kings zone.
0:36 of 2nd period - Shot by Lucas Wallmark.
0:36 of 2nd period - Stopped by Tuukka Rask without a rebound.
0:37 of 2nd period - Ryan Nugent-Hopkins wins face-off versus Leon Draisaitl in Canadiens zone.
1:12 of 2nd period - Shot by Bryan Rust.
1:12 of 2nd period - Stopped by Tuukka Rask without a rebound.
1:13 of 2nd period - Jordan Staal wins face-off versus Elias Lindholm in Canadiens zone.
1:13 of 2nd period - Jordan Staal is hit by Rasmus Ristolainen.
1:18 of 2nd period - Joel Eriksson Ek is hit by Ivan Provorov and loses puck.
1:47 of 2nd period - Shot by Joel Eriksson Ek.
1:47 of 2nd period - Stopped by Tuukka Rask with a rebound.
2:25 of 2nd period - Shot by Johnny Gaudreau.
2:25 of 2nd period - Goal by Johnny Gaudreau - Canadiens : 1 - Kings : 1.
2:26 of 2nd period - Leon Draisaitl wins face-off versus Samuel Blais in neutral zone.
2:35 of 2nd period - Shot by Max Pacioretty.
2:35 of 2nd period - Shot Misses the Net.
2:37 of 2nd period - Shot by Nate Schmidt.
2:37 of 2nd period - Stopped by Alex Nedeljkovic with a rebound.
2:47 of 2nd period - Shot by Leon Draisaitl.
2:47 of 2nd period - Stopped by Alex Nedeljkovic without a rebound.
2:48 of 2nd period - Ryan Nugent-Hopkins wins face-off versus Joakim Nordstrom in Kings zone.
3:03 of 2nd period - Shot by Colin White.
3:03 of 2nd period - Deflect By Artturi Lehkonen.
3:03 of 2nd period - Stopped by Alex Nedeljkovic without a rebound.
3:04 of 2nd period - Carter Rowney wins face-off versus Leon Draisaitl in Kings zone.
3:04 of 2nd period - Carter Rowney is hit by Max Pacioretty.
3:10 of 2nd period - Shot by Max Pacioretty.
3:10 of 2nd period - Shot Misses the Net.
3:26 of 2nd period - Shot by Max Pacioretty.
3:26 of 2nd period - Shot Misses the Net.
3:33 of 2nd period - Off-side.
3:34 of 2nd period - Ryan Nugent-Hopkins wins face-off versus Elias Lindholm in neutral zone.
3:36 of 2nd period - Cam Fowler is hit by Adam Pelech and loses puck.
4:15 of 2nd period - Shot by Ryan Nugent-Hopkins.
4:15 of 2nd period - Shot Blocked by Adam Pelech.
4:17 of 2nd period - Shot by Johnny Gaudreau.
4:17 of 2nd period - Stopped by Tuukka Rask without a rebound.
4:18 of 2nd period - Jordan Staal wins face-off versus Leon Draisaitl in Canadiens zone.
4:39 of 2nd period - Shot by Lucas Wallmark.
4:39 of 2nd period - Deflect By Joel Eriksson Ek.
4:39 of 2nd period - Stopped by Tuukka Rask with a rebound.
4:41 of 2nd period - Shot by Jordan Staal.
4:41 of 2nd period - Shot Misses the Net.
4:43 of 2nd period - Shot by Joel Eriksson Ek.
4:43 of 2nd period - Shot Misses the Net.
5:01 of 2nd period - Shot by Joel Eriksson Ek.
5:01 of 2nd period - Deflect By Lucas Wallmark.
5:01 of 2nd period - Shot Misses the Net.
5:03 of 2nd period - Shot by Joel Eriksson Ek.
5:03 of 2nd period - Shot Misses the Net.
5:22 of 2nd period - Icing by Tyler Motte.
5:23 of 2nd period - Elias Lindholm wins face-off versus Carter Rowney in Kings zone.
5:47 of 2nd period - Icing by Samuel Blais.
5:48 of 2nd period - Carter Rowney wins face-off versus Brandon Sutter in Kings zone.
5:57 of 2nd period - Shot by Carter Rowney.
5:57 of 2nd period - Shot Blocked by Kevin Connauton.
5:59 of 2nd period - Shot by Tyler Motte.
5:59 of 2nd period - Deflect By Carter Rowney.
5:59 of 2nd period - Shot Misses the Net.
6:01 of 2nd period - Shot by Carter Rowney.
6:01 of 2nd period - Shot Misses the Net.
6:07 of 2nd period - Shot by Carter Rowney.
6:07 of 2nd period - Shot Blocked by Mike Reilly.
6:09 of 2nd period - Shot by Carter Rowney.
6:09 of 2nd period - Shot Misses the Net.
6:36 of 2nd period - Icing by Jaccob Slavin.
6:37 of 2nd period - Ryan Nugent-Hopkins wins face-off versus Leon Draisaitl in Kings zone.
7:21 of 2nd period - Off-side.
7:22 of 2nd period - Elias Lindholm wins face-off versus Jordan Staal in neutral zone.
7:38 of 2nd period - Joel Eriksson Ek is hit by Adam Pelech and loses puck.
8:35 of 2nd period - Joakim Nordstrom is hit by Tyler Motte and loses puck.
9:32 of 2nd period - Icing by Johnny Gaudreau.
9:33 of 2nd period - Leon Draisaitl wins face-off versus Bryan Rust in Kings zone.
10:04 of 2nd period - Icing by Jaccob Slavin.
10:05 of 2nd period - Brandon Sutter wins face-off versus Ryan Nugent-Hopkins in Kings zone.
10:13 of 2nd period - Off-side.
10:14 of 2nd period - Elias Lindholm wins face-off versus Jordan Staal in neutral zone.
10:22 of 2nd period - Minor Penalty to Elias Lindholm for Hooking.
10:23 of 2nd period - Brandon Sutter wins face-off versus Jordan Staal in Canadiens zone.
10:23 of 2nd period - Brandon Sutter is hit by Jordan Staal.
10:41 of 2nd period - Shot by Joel Eriksson Ek.
10:41 of 2nd period - Shot Misses the Net.
11:07 of 2nd period - Shot by Jordan Staal.
11:07 of 2nd period - Stopped by Tuukka Rask without a rebound.
11:08 of 2nd period - Ryan Nugent-Hopkins wins face-off versus Colin White in Canadiens zone.
11:25 of 2nd period - Shot by Johnny Gaudreau.
11:25 of 2nd period - Stopped by Tuukka Rask without a rebound.
11:26 of 2nd period - Ryan Nugent-Hopkins wins face-off versus Brandon Sutter in Canadiens zone.
11:36 of 2nd period - Shot by Ryan Nugent-Hopkins.
11:36 of 2nd period - Stopped by Tuukka Rask without a rebound.
11:37 of 2nd period - Jakob Silfverberg wins face-off versus Jordan Staal in Canadiens zone.
11:47 of 2nd period - Icing by Cam Fowler.
11:48 of 2nd period - Jordan Staal wins face-off versus Brandon Sutter in Kings zone.
11:59 of 2nd period - Shot by Jakob Silfverberg.
11:59 of 2nd period - Shot Misses the Net.
12:01 of 2nd period - Shot by Brandon Sutter.
12:01 of 2nd period - Shot Misses the Net.
12:13 of 2nd period - Shot by Jakob Silfverberg.
12:13 of 2nd period - Deflect By Brandon Sutter.
12:13 of 2nd period - Shot Misses the Net.
12:15 of 2nd period - Shot by Rasmus Ristolainen.
12:15 of 2nd period - Shot Blocked by Cam Fowler.
12:17 of 2nd period - Shot by Rasmus Ristolainen.
12:17 of 2nd period - Shot Blocked by Tyler Motte.
12:27 of 2nd period - Shot by Jakob Silfverberg.
12:27 of 2nd period - Shot Misses the Net.
12:58 of 2nd period - Icing by Nate Schmidt.
12:59 of 2nd period - Leon Draisaitl wins face-off versus Carter Rowney in Canadiens zone.
12:59 of 2nd period - Max Pacioretty is hit by Tyler Motte and loses puck.
13:05 of 2nd period - Icing by Patrick Kane.
13:06 of 2nd period - Jordan Staal wins face-off versus Patrick Kane in Canadiens zone.
13:15 of 2nd period - Shot by Leon Draisaitl.
13:15 of 2nd period - Stopped by Alex Nedeljkovic without a rebound.
13:16 of 2nd period - Ryan Nugent-Hopkins wins face-off versus Elias Lindholm in Kings zone.
13:26 of 2nd period - Off-side.
13:27 of 2nd period - Jordan Staal wins face-off versus Brandon Sutter in neutral zone.
13:37 of 2nd period - Valeri Nichushkin is hit by Joel Eriksson Ek and loses puck.
13:46 of 2nd period - Jakob Silfverberg is hit by Josh Manson and loses puck.
13:55 of 2nd period - Joel Eriksson Ek is hit by Valeri Nichushkin and loses puck.
14:18 of 2nd period - Icing by Jakob Silfverberg.
14:19 of 2nd period - Ryan Nugent-Hopkins wins face-off versus Brandon Sutter in Canadiens zone.
15:26 of 2nd period - Shot by Samuel Blais.
15:26 of 2nd period - Deflect By Tyler Motte.
15:26 of 2nd period - Shot Hit the Post.
15:28 of 2nd period - Shot by Travis Hamonic.
15:28 of 2nd period - Stopped by Tuukka Rask without a rebound.
15:29 of 2nd period - Leon Draisaitl wins face-off versus Jordan Staal in Canadiens zone.
15:59 of 2nd period - Shot by Jordan Staal.
15:59 of 2nd period - Shot Blocked by Mike Reilly.
16:10 of 2nd period - Icing by Josh Manson.
16:11 of 2nd period - Brandon Sutter wins face-off versus Lucas Wallmark in Kings zone.
16:22 of 2nd period - Ivan Provorov is hit by Joel Eriksson Ek and loses puck.
16:45 of 2nd period - Shot by Valeri Nichushkin.
16:45 of 2nd period - Shot Blocked by Brandon Carlo.
16:47 of 2nd period - Shot by Rasmus Ristolainen.
16:47 of 2nd period - Shot Blocked by Jaccob Slavin.
17:08 of 2nd period - Icing by Adam Pelech.
17:09 of 2nd period - Carter Rowney wins face-off versus Anthony Mantha in Canadiens zone.
17:12 of 2nd period - Shot by Tyler Motte.
17:12 of 2nd period - Stopped by Tuukka Rask without a rebound.
17:13 of 2nd period - Elias Lindholm wins face-off versus Carter Rowney in Canadiens zone.
17:44 of 2nd period - Shot by Teuvo Teravainen.
17:44 of 2nd period - Stopped by Alex Nedeljkovic without a rebound.
17:45 of 2nd period - Patrick Kane wins face-off versus Ryan Nugent-Hopkins in Kings zone.
17:45 of 2nd period - Max Pacioretty is hit by Brandon Carlo.
17:51 of 2nd period - Minor Penalty to Max Pacioretty for Roughing.
17:52 of 2nd period - Brandon Sutter wins face-off versus Ryan Nugent-Hopkins in Canadiens zone.
17:52 of 2nd period - Brandon Sutter is hit by Bryan Rust.
19:39 of 2nd period - Icing by Tyler Motte.
19:40 of 2nd period - Brandon Sutter wins face-off versus Jordan Staal in Kings zone.
19:41 of 2nd period - Shot by Jakob Silfverberg.
19:41 of 2nd period - Stopped by Alex Nedeljkovic without a rebound.
19:42 of 2nd period - Brandon Sutter wins face-off versus Jordan Staal in Kings zone.
19:59 of 2nd period - Shot by Max Pacioretty.
19:59 of 2nd period - Deflect By Patrick Kane.
19:59 of 2nd period - Stopped by Alex Nedeljkovic without a rebound.
Goals for this period are 0 for Canadiens vs 1 for Kings.
Shots for this period are 8 for Canadiens vs 11 for Kings.
3rd period
0:01 of 3rd period - Ryan Nugent-Hopkins wins face-off versus Leon Draisaitl in neutral zone.
0:08 of 3rd period - Shot by Bryan Rust.
0:08 of 3rd period - Stopped by Tuukka Rask with a rebound.
0:26 of 3rd period - Shot by Patrick Kane.
0:26 of 3rd period - Shot Misses the Net.
0:28 of 3rd period - Shot by Ivan Provorov.
0:28 of 3rd period - Shot Misses the Net.
0:51 of 3rd period - Icing by Johnny Gaudreau.
0:52 of 3rd period - Johnny Gaudreau wins face-off versus Elias Lindholm in Kings zone.
0:52 of 3rd period - Jaccob Slavin is hit by Anthony Mantha.
1:09 of 3rd period - Minor Penalty to Jordan Staal for Interference.
1:10 of 3rd period - Elias Lindholm wins face-off versus Carter Rowney in Kings zone.
1:46 of 3rd period - Shot by Nate Schmidt.
1:46 of 3rd period - Shot Misses the Net.
2:23 of 3rd period - Shot by Leon Draisaitl.
2:23 of 3rd period - Shot Misses the Net.
2:25 of 3rd period - Shot by Leon Draisaitl.
2:25 of 3rd period - Goal by Leon Draisaitl - Canadiens : 2 - Kings : 1.
2:26 of 3rd period - Brandon Sutter wins face-off versus Jordan Staal in neutral zone.
2:34 of 3rd period - Valeri Nichushkin is hit by Travis Hamonic and loses puck.
2:47 of 3rd period - Shot by Jordan Staal.
2:47 of 3rd period - Stopped by Tuukka Rask without a rebound.
2:48 of 3rd period - Leon Draisaitl wins face-off versus Carter Rowney in Canadiens zone.
3:07 of 3rd period - Icing by Cam Fowler.
3:08 of 3rd period - Carter Rowney wins face-off versus Joakim Nordstrom in Kings zone.
4:08 of 3rd period - Cam Fowler is hit by Elias Lindholm.
4:14 of 3rd period - Shot by Anthony Mantha.
4:14 of 3rd period - Stopped by Alex Nedeljkovic without a rebound.
4:15 of 3rd period - Ryan Nugent-Hopkins wins face-off versus Leon Draisaitl in Kings zone.
4:15 of 3rd period - Ryan Nugent-Hopkins is hit by Max Pacioretty.
4:55 of 3rd period - Off-side.
4:56 of 3rd period - Jordan Staal wins face-off versus Elias Lindholm in neutral zone.
5:22 of 3rd period - Shot by Joel Eriksson Ek.
5:22 of 3rd period - Shot Blocked by Rasmus Ristolainen.
5:34 of 3rd period - Shot by Jordan Staal.
5:34 of 3rd period - Shot Misses the Net.
5:36 of 3rd period - Shot by Marc-Edouard Vlasic.
5:36 of 3rd period - Shot Blocked by Rasmus Ristolainen.
5:38 of 3rd period - Shot by Joel Eriksson Ek.
5:38 of 3rd period - Shot Misses the Net.
5:40 of 3rd period - Shot by Jordan Staal.
5:40 of 3rd period - Shot Blocked by Rasmus Ristolainen.
6:33 of 3rd period - Shot by Max Pacioretty.
6:33 of 3rd period - Deflect By Leon Draisaitl.
6:33 of 3rd period - Stopped by Alex Nedeljkovic without a rebound.
6:34 of 3rd period - Jakob Silfverberg wins face-off versus Carter Rowney in Kings zone.
6:48 of 3rd period - Brandon Sutter is hit by Josh Manson and loses puck.
6:53 of 3rd period - Shot by Brandon Sutter.
6:53 of 3rd period - Shot Blocked by Josh Manson.
6:53 of 3rd period - Josh Manson from Kings is injured at 6:53 of 3rd period (Strained Left Elbow).
6:54 of 3rd period - Leon Draisaitl wins face-off versus Jordan Staal in Kings zone.
6:57 of 3rd period - Shot by Patrick Kane.
6:57 of 3rd period - Stopped by Alex Nedeljkovic without a rebound.
6:58 of 3rd period - Leon Draisaitl wins face-off versus Jordan Staal in Kings zone.
7:18 of 3rd period - Shot by Joel Eriksson Ek.
7:18 of 3rd period - Stopped by Tuukka Rask with a rebound.
7:30 of 3rd period - Shot by Jordan Staal.
7:30 of 3rd period - Stopped by Tuukka Rask without a rebound.
7:31 of 3rd period - Elias Lindholm wins face-off versus Ryan Nugent-Hopkins in Canadiens zone.
7:31 of 3rd period - Rasmus Ristolainen is hit by Ryan Nugent-Hopkins.
7:36 of 3rd period - Minor Penalty to Bryan Rust for Hooking.
7:37 of 3rd period - Elias Lindholm wins face-off versus Carter Rowney in Kings zone.
7:44 of 3rd period - Shot by Elias Lindholm.
7:44 of 3rd period - Stopped by Alex Nedeljkovic without a rebound.
7:45 of 3rd period - Leon Draisaitl wins face-off versus Carter Rowney in Kings zone.
7:50 of 3rd period - Shot by Patrick Kane.
7:50 of 3rd period - Stopped by Alex Nedeljkovic without a rebound.
7:51 of 3rd period - Leon Draisaitl wins face-off versus Carter Rowney in Kings zone.
7:54 of 3rd period - Shot by Ivan Provorov.
7:54 of 3rd period - Shot Misses the Net.
7:56 of 3rd period - Shot by Rasmus Ristolainen.
7:56 of 3rd period - Shot Misses the Net.
7:58 of 3rd period - Shot by Rasmus Ristolainen.
7:58 of 3rd period - Stopped by Alex Nedeljkovic with a rebound.
8:00 of 3rd period - Shot by Ivan Provorov.
8:00 of 3rd period - Shot Blocked by Brandon Carlo.
8:02 of 3rd period - Shot by Max Pacioretty.
8:02 of 3rd period - Goal by Max Pacioretty - Canadiens : 3 - Kings : 1.
8:03 of 3rd period - Elias Lindholm wins face-off versus Ryan Nugent-Hopkins in neutral zone.
9:21 of 3rd period - Shot by Joel Eriksson Ek.
9:21 of 3rd period - Shot Misses the Net.
9:23 of 3rd period - Shot by Jordan Staal.
9:23 of 3rd period - Stopped by Tuukka Rask without a rebound.
9:24 of 3rd period - Brandon Sutter wins face-off versus Carter Rowney in Canadiens zone.
9:33 of 3rd period - Shot by Valeri Nichushkin.
9:33 of 3rd period - Shot Misses the Net.
9:35 of 3rd period - Shot by Brandon Sutter.
9:35 of 3rd period - Stopped by Alex Nedeljkovic without a rebound.
9:36 of 3rd period - Leon Draisaitl wins face-off versus Jordan Staal in Kings zone.
9:36 of 3rd period - Mike Reilly is hit by Cam Fowler and loses puck.
9:55 of 3rd period - Shot by Patrick Kane.
9:55 of 3rd period - Shot Misses the Net.
9:57 of 3rd period - Shot by Kevin Connauton.
9:57 of 3rd period - Shot Misses the Net.
10:14 of 3rd period - Shot by Patrick Kane.
10:14 of 3rd period - Shot Blocked by Cam Fowler.
11:08 of 3rd period - Off-side.
11:09 of 3rd period - Elias Lindholm wins face-off versus Carter Rowney in neutral zone.
11:18 of 3rd period - Shot by Elias Lindholm.
11:18 of 3rd period - Shot Misses the Net.
11:34 of 3rd period - Shot by Elias Lindholm.
11:34 of 3rd period - Shot Misses the Net.
11:37 of 3rd period - Icing by Brandon Carlo.
11:38 of 3rd period - Brandon Sutter wins face-off versus Carter Rowney in Kings zone.
12:14 of 3rd period - Icing by Brandon Carlo.
12:15 of 3rd period - Elias Lindholm wins face-off versus Carter Rowney in Kings zone.
12:19 of 3rd period - Teuvo Teravainen is hit by Brandon Carlo and loses puck.
12:45 of 3rd period - Teuvo Teravainen is hit by Brandon Carlo and loses puck.
12:52 of 3rd period - Shot by Elias Lindholm.
12:52 of 3rd period - Stopped by Alex Nedeljkovic with a rebound.
13:20 of 3rd period - Shot by Ryan Nugent-Hopkins.
13:20 of 3rd period - Shot Misses the Net.
13:22 of 3rd period - Shot by Bryan Rust.
13:22 of 3rd period - Stopped by Tuukka Rask without a rebound.
13:23 of 3rd period - Ryan Nugent-Hopkins wins face-off versus Max Pacioretty in Canadiens zone.
13:26 of 3rd period - Shot by Johnny Gaudreau.
13:26 of 3rd period - Deflect By Bryan Rust.
13:26 of 3rd period - Shot Blocked by Mike Reilly.
13:28 of 3rd period - Shot by Ryan Nugent-Hopkins.
13:28 of 3rd period - Stopped by Tuukka Rask with a rebound.
13:33 of 3rd period - Ryan Nugent-Hopkins is hit by Mike Reilly and loses puck.
13:38 of 3rd period - Shot by Bryan Rust.
13:38 of 3rd period - Shot Blocked by Kevin Connauton.
13:55 of 3rd period - Shot by Ryan Nugent-Hopkins.
13:55 of 3rd period - Shot Hit the Post.
13:57 of 3rd period - Shot by Bryan Rust.
13:57 of 3rd period - Stopped by Tuukka Rask without a rebound.
13:58 of 3rd period - Brandon Sutter wins face-off versus Jordan Staal in Canadiens zone.
13:58 of 3rd period - Brandon Sutter is hit by Joel Eriksson Ek.
14:03 of 3rd period - Off-side.
14:04 of 3rd period - Elias Lindholm wins face-off versus Jordan Staal in neutral zone.
14:33 of 3rd period - Shot by Elias Lindholm.
14:33 of 3rd period - Shot Misses the Net.
14:35 of 3rd period - Shot by Ivan Provorov.
14:35 of 3rd period - Stopped by Alex Nedeljkovic with a rebound.
14:39 of 3rd period - Shot by Ivan Provorov.
14:39 of 3rd period - Shot Misses the Net.
14:41 of 3rd period - Shot by Ivan Provorov.
14:41 of 3rd period - Shot Misses the Net.
14:43 of 3rd period - Shot by Anthony Mantha.
14:43 of 3rd period - Deflect By Elias Lindholm.
14:43 of 3rd period - Stopped by Alex Nedeljkovic with a rebound.
14:59 of 3rd period - Shot by Leon Draisaitl.
14:59 of 3rd period - Stopped by Alex Nedeljkovic without a rebound.
15:00 of 3rd period - Ryan Nugent-Hopkins wins face-off versus Leon Draisaitl in Kings zone.
15:00 of 3rd period - Ryan Nugent-Hopkins is hit by Leon Draisaitl.
15:18 of 3rd period - Shot by Leon Draisaitl.
15:18 of 3rd period - Shot Misses the Net.
15:20 of 3rd period - Shot by Patrick Kane.
15:20 of 3rd period - Stopped by Alex Nedeljkovic without a rebound.
15:21 of 3rd period - Ryan Nugent-Hopkins wins face-off versus Brandon Sutter in Kings zone.
15:44 of 3rd period - Shot by Johnny Gaudreau.
15:44 of 3rd period - Shot Misses the Net.
15:54 of 3rd period - Icing by Mike Reilly.
15:55 of 3rd period - Brandon Sutter wins face-off versus Carter Rowney in Canadiens zone.
15:55 of 3rd period - Brandon Sutter is hit by Tyler Motte.
16:28 of 3rd period - Shot by Elias Lindholm.
16:28 of 3rd period - Stopped by Alex Nedeljkovic without a rebound.
16:29 of 3rd period - Lucas Wallmark wins face-off versus Elias Lindholm in Kings zone.
16:35 of 3rd period - Jaccob Slavin is hit by Anthony Mantha and loses puck.
16:42 of 3rd period - Shot by Elias Lindholm.
16:42 of 3rd period - Shot Blocked by Joel Eriksson Ek.
16:46 of 3rd period - Shot by Elias Lindholm.
16:46 of 3rd period - Shot Blocked by Jaccob Slavin.
16:48 of 3rd period - Shot by Teuvo Teravainen.
16:48 of 3rd period - Goal by Teuvo Teravainen - Canadiens : 4 - Kings : 1.
16:49 of 3rd period - Leon Draisaitl wins face-off versus Ryan Nugent-Hopkins in neutral zone.
17:17 of 3rd period - Bryan Rust is hit by Rasmus Ristolainen and loses puck.
17:21 of 3rd period - Minor Penalty to Rasmus Ristolainen for High sticking.
17:22 of 3rd period - Brandon Sutter wins face-off versus Jordan Staal in Canadiens zone.
18:18 of 3rd period - Shot by Bryan Rust.
18:18 of 3rd period - Stopped by Tuukka Rask without a rebound.
18:19 of 3rd period - Ryan Nugent-Hopkins wins face-off versus Elias Lindholm in Canadiens zone.
19:06 of 3rd period - Shot by Brandon Carlo.
19:06 of 3rd period - Stopped by Tuukka Rask without a rebound.
19:07 of 3rd period - Jordan Staal wins face-off versus Brandon Sutter in Canadiens zone.
19:30 of 3rd period - Shot by Tyler Motte.
19:30 of 3rd period - Stopped by Tuukka Rask without a rebound.
19:31 of 3rd period - Jordan Staal wins face-off versus Max Pacioretty in Canadiens zone.
Goals for this period are 3 for Canadiens vs 0 for Kings.
Shots for this period are 16 for Canadiens vs 11 for Kings.